 Dungeon Crawl Stone Soup version 0.29-a0-380-gf50f0a9fbc (webtiles) character file.

Game seed: 8295079285521730659

0 spaghetti the Sneak (level 1, -2/13 HPs)
             Began as a Gnoll Enchanter on May 6, 2022.
             Slain by a hobgoblin (3 damage)
             ... on level 1 of the Dungeon.
             The game lasted 00:00:39 (136 turns).

spaghetti the Sneak (Gnoll Enchanter)                Turns: 136, Time: 00:00:40

Health: -2/13      AC:  2    Str:  7    XL:     1   Next: 10%
Magic:  6/6        EV: 13    Int: 14    God:
Gold:   0          SH:  0    Dex: 12    Spells: 9/9 levels left

rFire   . . .      SeeInvis .   a - +1 dagger {short}
rCold   . . .      Faith    .   (no shield)
rNeg    . . .      Spirit   .   b - +0 robe
rPois   .          Reflect  .   (no helmet)
rElec   .          Harm     .   (no cloak)
rCorr   .          Rampage  .   (no gloves)
Will    .....                   (no boots)
Stlth   +++.......              (no amulet)
HPRegen 0.04/turn               (no ring)
MPRegen 0.10/turn               (no ring)

@: invisible
A: fangs 1, strong nose, distributed training
a: no special abilities


You were on level 1 of the Dungeon.
You visited 1 branch of the dungeon, and saw 1 of its levels.


Innate Abilities, Weirdness & Mutations

You have very sharp teeth.
Your uncanny sense of smell can sniff out nearby items.
Your experience applies equally to all skills.


   Skills:
 + Level 0.0 Fighting
 + Level 2.3 Short Blades
 + Level 0.0 Long Blades
 + Level 0.0 Axes
 + Level 0.0 Maces & Flails
 + Level 0.0 Polearms
 + Level 0.0 Staves
 + Level 0.0 Slings
 + Level 0.0 Bows
 + Level 0.0 Crossbows
 + Level 0.0 Throwing
 + Level 0.0 Armour
 + Level 4.4 Dodging
 + Level 5.8 Stealth
 + Level 0.0 Shields
 + Level 0.0 Unarmed Combat
 + Level 4.8 Spellcasting
 + Level 0.0 Conjurations
 + Level 5.3 Hexes
 + Level 0.0 Summonings
 + Level 0.0 Necromancy
 + Level 0.0 Translocations
 + Level 0.0 Transmutations
 + Level 0.0 Fire Magic
 + Level 0.0 Ice Magic
 + Level 0.0 Air Magic
 + Level 0.0 Earth Magic
 + Level 0.0 Poison Magic
 + Level 0.0 Invocations
 + Level 0.0 Evocations


You had 9 spell levels left.
You didn't know any spells.
Your spell library contained the following spells:

 Spells                   Type           Power      Damage    Failure   Level
 Confusing Touch          Hex            18%        N/A       6%          3
 Tukima's Dance           Hex            18%        N/A       6%          3
 Ensorcelled Hibernation  Hex/Ice        20%        N/A       9%          2
 Dazzling Flash           Conj/Hex       20%        N/A       19%         3

Inventory:

Hand Weapons
 a - a +1 dagger (weapon) {short}
 f - a +2 mace of holy wrath {mace}
   (You found it on level 1 of the Dungeon)
Missiles
 e - 3 javelins (quivered) {throwing}
Armour
 b - a +0 robe (worn)
Scrolls
 d - a scroll of summoning {unknown}
Potions
 c - a potion of invisibility

Dungeon Overview and Level Annotations

Branches:
Dungeon (1/15)

Altars:

##.....##'##########
#...................
#..........#########
#..........#
#..........#
#..........#
#..........#
#..g.......#
#.B@.......#
#..........#
#..........#
############


You could see a giant cockroach (can't see you) and a hobgoblin (can't see you).


Message History

🤖 Initializing magus.rc ...
Options error: Delay interrupt name "hungry" not recognised. (~/.crawlrc:4761) Options error: Bad monster_list_colour key: strict_neutral (~/.crawlrc:4776) Bad channel name for runrest: 'pray:' ✅ Successfully initialized magus.rc [v1.9.6] Welcome, spaghetti the Gnoll Enchanter.
Are you destined to find the sublime Orb of Zot, or to die trying?
Press ? for a list of commands and other information.
Found a staircase leading out of the dungeon.
Okay, then.
d - a scroll labelled UMUFIL ANOK Key pressed, stopping explore.
You open the door.
There is an open door here.
You open the door.
A frilled lizard comes into view.
There is an open door here.
You closely miss the frilled lizard. You closely miss the frilled lizard.
The frilled lizard bites you. 😕 HP[-1]
You take 1 damage, and now have 12/13 hp.
You hit the frilled lizard.
You kill the frilled lizard!
e - 3 javelins {throwing} A giant cockroach and a hobgoblin come into view.
You see here a +2 mace of holy wrath {mace}.
f - a +2 mace of holy wrath {mace} 😎 HP[+1]
Your hp is fully restored (13).
You barely miss the giant cockroach.
You bite the giant cockroach, but do no damage.
The giant cockroach misses you.
You barely miss the giant cockroach. The giant cockroach barely misses you.
You closely miss the giant cockroach.
You bite the giant cockroach, but do no damage.
The giant cockroach misses you. The hobgoblin hits you.
The giant cockroach barely misses you. 😕 HP[-3]
You take 3 damage, and now have 10/13 hp.
MASSIVE DAMAGE!! (PAUSE)
Your +2 mace of holy wrath {mace} softly glows with a divine radiance!
f - a +2 mace of holy wrath (weapon)
{mace} You barely miss the giant cockroach.
The hobgoblin hits you. The giant cockroach barely misses you.
The hobgoblin hits you.
* * * LOW HITPOINT WARNING * * *
The giant cockroach bites you but does no damage. 😨 HP[-5]
You take 5 damage, and now have 5/13 hp.
MASSIVE DAMAGE!! (PAUSE)
You don't know any spells.
Okay, then.
You fade into invisibility!
The giant cockroach misses you. The hobgoblin closely misses you.
Unknown command.
Unknown command.
You barely miss the giant cockroach. The giant cockroach closely misses you.
The hobgoblin barely misses you. The giant cockroach misses you.
You catch the helpless giant cockroach completely off-guard!
You hit the giant cockroach but do no damage.
The hobgoblin barely misses you. The giant cockroach barely misses you.
The hobgoblin hits you.
* * * LOW HITPOINT WARNING * * *
😱 HP[-4]
You take 4 damage, and now have 1/13 hp.
MASSIVE DAMAGE!! (PAUSE) Unknown command.
Your +2 mace of holy wrath {mace} stops glowing.
a - a +1 dagger (weapon)
{short} You hit the giant cockroach but do no damage.
The giant cockroach barely misses you. The hobgoblin hits you.
You die...

Action                   || total
-------------------------++-------
Melee: Dagger            ||     7
       Mace              ||     3
       Bite              ||     2
  Use: Potion            ||     1
 Stab: Invisible         ||     1
Armor: Robe              ||     1
Dodge: Dodged            ||    13

Levels and vault maps discovered:
D:1:      elethiomel_arrival_maze, layout_basic,
          dilly_ecumenical_altar_fadedgnrine

Notes
Turn   | Place    | Note
-------+----------+-------------------------------------------
     0 | D:1      | spaghetti the Gnoll Enchanter began the quest for the Orb.
     0 | D:1      | Reached XP level 1. HP: 13/13 MP: 6/6
     0 | D:1      | magus.rc [v1.9.6]
   134 | D:1      | HP: 1/13 [hobgoblin (4)]
   136 | D:1      | Slain by a hobgoblin

Vanquished Creatures
  A frilled lizard (D:1)
1 creature vanquished.

Table legend:
 A = Non-vault XP
 B = Vault XP
 C = Vault XP percentage of total XP
 D = Non-vault monster count
 E = Vault monster count
 F = Vault count percentage of total count
                 A         B        C        D         E       F
            +---------+---------+-------+---------+---------+-------
      Total |       1 |       0 |   0.0 |       1 |       0 |   0.0
            +---------+---------+-------+---------+---------+-------
        D:1 |       1 |       0 |   0.0 |       1 |       0 |   0.0
            +---------+---------+-------+---------+---------+-------

Illustrated notes

Table legend:
 A = Kills in this place as a percentage of kills in entire the game.
 B = Kills by you in this place as a percentage of kills by you in the entire game.
 C = Kills by friends in this place as a percentage of kills by friends in the entire game.
 D = Other kills in this place as a percentage of other kills in the entire game.
 E = Experience gained in this place as a percentage of experience gained in the entire game.
 F = Experience gained in this place divided by the number of levels of this place that you have seen.
                   A       B       C       D       E      F
               +-------+-------+-------+-------+-------+----------------------
         Total | 100.0 | 100.0 |   N/A |   N/A | 100.0 |   1.0
       Dungeon | 100.0 | 100.0 |   N/A |   N/A | 100.0 |   1.0
               +-------+-------+-------+-------+-------+----------------------

Table legend: (Time is in decaauts)
 A = Elapsed time spent in this place.
 B = Non-inter-level travel time spent in this place.
 C = Inter-level travel time spent in this place.
 D = Time resting spent in this place.
 E = Time spent auto-exploring this place.
 F = Levels seen in this place.
 G = Mean time per level.
                   A        B        C        D        E       F      G
               +--------+--------+--------+--------+--------+-----+--------+
         Total |    135 |    135 |      0 |      0 |    104 |   1 |  135.0 |
       Dungeon |    135 |    135 |      0 |      0 |    104 |   1 |  135.0 |
               +--------+--------+--------+--------+--------+-----+--------+

Top non-repeatable levels by time:
     D:1: 135 daAuts
